 Dungeon Crawl Stone Soup version 0.27.0-1-g7a089689b8 (webtiles) character file.

Game seed: 5022436926005149879

102 PentaManta the Cudgeller (level 4, -3/28 HPs)
             Began as a Gargoyle Monk on Aug 16, 2021.
             Slain by a gnoll (9 damage)
             ... on level 4 of the Dungeon.
             The game lasted 00:06:29 (2539 turns).

PentaManta the Cudgeller (Gargoyle Monk)            Turns: 2539, Time: 00:06:29

Health: -3/28      AC:  9    Str: 15    XL:     4   Next: 78%
Magic:  4/4        EV:  8    Int: 11    God:
Gold:   29         SH:  0    Dex: 12    Spells: 3/3 levels left

rFire    . . .     SeeInvis .   l - +0 whip
rCold    . . .     Faith    .   (no shield)
rNeg     + . .     Spirit   .   m - +0 ring mail
rPois    ∞         Reflect  .   (no helmet)
rElec    +         Harm     .   (no cloak)
rCorr    .         Rampage  .   h - +0 pair of gloves
Will     .....                  (no boots)
Stlth    +.........             (no amulet)
HPRegen  0.09/turn              (no ring)
MPRegen  0.09/turn              (no ring)

@: constricted
A: sickness immunity, AC +3, negative energy resistance 1, electricity
resistance, torment resistance 1, petrification resistance
a: no special abilities


You were on level 4 of the Dungeon.
You visited 1 branch of the dungeon, and saw 4 of its levels.

You collected 103 gold pieces.
You spent 74 gold pieces at shops.

Inventory:

Hand Weapons
 a - a +0 mace
 k - a +0 flail
 l - a +0 whip (weapon)
Missiles
 d - 4 javelins
 n - 17 poisoned darts (quivered)
Armour
 b - a +0 robe
 e - a +0 leather armour
 h - a +0 pair of gloves (worn)
 m - a +0 ring mail (worn)
Scrolls
 g - a scroll of silence
 i - a scroll of blinking {unknown}
 o - 2 scrolls of enchant armour {unknown}
Potions
 c - a potion of invisibility {unknown}
 f - 3 potions of cancellation
 p - a potion of attraction
 q - a potion of brilliance
 r - a potion of haste {unknown}


   Skills:
 - Level 3.2 Fighting
 + Level 5.3 Maces & Flails
 - Level 2.4 Dodging
 - Level 2.1 Stealth


You had 3 spell levels left.
You didn't know any spells.
Your spell library contained the following spells:

 Spells                   Type           Power      Damage    Failure   Level
 Slow                     Hex            0%         N/A       71%         2
 Confusing Touch          Hex            0%         N/A       91%         3
 Vampiric Draining        Necr           0%         2d6       91%         3


Dungeon Overview and Level Annotations

Branches:
Dungeon (4/15)
 Temple: D:4-7

Altars:
Fedhas

Shops:
D:2 **!(

Annotations:
D:2 Terence


Innate Abilities, Weirdness & Mutations

You are immune to sickness and miasma.
Your stone body is resilient. (AC +3)
You are immune to poison.
You resist negative energy. (rN+)
You are resistant to electric shocks. (rElec)
You are resistant to unholy torment.
You are immune to petrification.


Message History

The ball python constricts you. The gnoll hits you but does no damage.
The ball python barely misses you. The ball python constricts you.
You barely miss the gnoll. The ball python bites you.
* * * LOW HITPOINT WARNING * * *
The ball python constricts you.
You feel better. The gnoll barely misses you.
The ball python bites you but does no damage.
The ball python constricts you.
You closely miss the gnoll. The gnoll hits you but does no damage.
The ball python bites you. The ball python constricts you.
You closely miss the gnoll. The gnoll hits you with a +0 flail.
* * * LOW HITPOINT WARNING * * *
The ball python bites you but does no damage.
* * * LOW HITPOINT WARNING * * *
The ball python constricts you.
You feel better. The gnoll hits you but does no damage.
The ball python bites you but does no damage.
The ball python constricts you.
You hit the gnoll.
The gnoll is moderately wounded.
The gnoll barely misses you. The ball python bites you.
The ball python constricts you.
You barely miss the gnoll.
The gnoll is moderately wounded.
The ball python barely misses you. The ball python constricts you.
The gnoll barely misses you.
You hit the gnoll but do no damage.
The gnoll is moderately wounded.
The ball python barely misses you. The ball python constricts you.
The gnoll hits you with a +0 flail.
* * * LOW HITPOINT WARNING * * *
You hit the gnoll but do no damage.
The gnoll is moderately wounded.
The ball python bites you but does no damage.
* * * LOW HITPOINT WARNING * * *
The ball python constricts you.
You hit the ball python.
The ball python is moderately wounded.
The gnoll hits you with a +0 flail!
You die...

# # .##.#
######≈..#
#@Sg.≈≈≈#
#.g.....###
#..<.......
#.......###
#.......#
####...##
..≈.≈
≈≈≈≈≈≈
≈.≈≈≈≈≈


You could see a gnoll, a goblin and a ball python.

Vanquished Creatures
  A gnoll (D:3)
  2 adders (D:2)
  A dart slug (D:2)
  6 orcs
  7 endoplasms
  4 giant cockroaches (D:1)
  4 goblins
  4 hobgoblins
  5 jackals (D:1)
  3 quokkas
  6 ball pythons
  3 bats
  2 frilled lizards
  4 kobolds (D:1)
  11 rats
63 creatures vanquished.

Notes
Turn   | Place    | Note
-------+----------+-------------------------------------------
     0 | D:1      | PentaManta the Gargoyle Monk began the quest for the Orb.
     0 | D:1      | Reached XP level 1. HP: 14/14 MP: 1/1
   108 | D:1      | Reached XP level 2. HP: 18/19 MP: 2/2
   773 | D:1      | Reached skill level 4 in Maces & Flails
   814 | D:1      | Reached XP level 3. HP: 23/23 MP: 3/3
  1483 | D:2      | Found Goqokhlom's Antique Weapon Shop.
  1507 | D:2      | Found Fabohianwi's Assorted Antiques.
  1515 | D:2      | Reached XP level 4. HP: 12/28 MP: 4/4
  1563 | D:2      | Bought a puce potion for 14 gold pieces
  1563 | D:2      | Bought a scroll labelled GEHERCH NIHATZO for 16 gold pieces
  1563 | D:2      | Bought an amethyst potion for 14 gold pieces
  1563 | D:2      | Bought a fizzy black potion for 14 gold pieces
  1563 | D:2      | Bought a scroll labelled GEHERCH NIHATZO for 16 gold pieces
  1577 | D:2      | Noticed Terence
  1774 | D:2      | Found Vemy's Assorted Antiques.
  1815 | D:2      | Found Cuskun's Distillery.
  1864 | D:2      | Found a blossoming altar of Fedhas.
  1878 | D:2      | Reached skill level 5 in Maces & Flails
  2539 | D:4      | Slain by a gnoll

Illustrated notes

Levels and vault maps discovered:
D:1:      lemuel_arrival_room, layout_basic
D:2:      layout_rooms, serial_shops, shop, shop, nicolae_diamond_shop,
          nicolae_shop_waterfront, basic_altar, minmay_tree_intersection,
          uniq_terence
D:3:      layout_loops_ring, chequers_ecumenical_altar_lobes
D:4:      layout_gridville, serial_rivers, chequers_serial_rivers_small_a,
          chequers_serial_rivers_marsh, chequers_serial_rivers_micro_d,
          chequers_serial_rivers_micro_b, chequers_serial_rivers_small_b,
          chequers_serial_rivers_large_a, uniq_sigmund

Skill      XL: |  1  2  3  4 |
---------------+-------------+-----
Maces & Flails | 4 5 |  5.3
Fighting       | |  3.2
Dodging        | |  2.4
Stealth        | |  2.1

Action                   |  1- 3 |  4- 6 || total
-------------------------+-------+-------++-------
Melee: Mace              |    77 |    22 ||    99
       Dagger            |    63 |       ||    63
       Whip              |       |    74 ||    74
  Use: Scroll            |       |    10 ||    10
       Potion            |       |     3 ||     3
 Stab: Sleeping          |     7 |     1 ||     8
Armor: Robe              |    51 |    15 ||    66
       Ring mail         |       |    21 ||    21
       Leather armour    |       |    13 ||    13
Dodge: Dodged            |   104 |    64 ||   168
